 Dungeon Crawl Stone Soup version 0.30-a0-414-gcb316572d5 (webtiles) character file.

Game seed: 14932717160053667532

107 McMuffin the Trooper (level 4, -2/41 HPs)
             Began as a Hill Orc Fighter on Dec 7, 2022.
             Killed from afar by Sigmund (6 damage)
             ... with a puff of flame
             ... on level 3 of the Dungeon.
             The game lasted 00:06:55 (776 turns).

McMuffin the Trooper (Hill Orc Fighter)              Turns: 776, Time: 00:06:56

Health: -2/41      AC:  7    Str: 20    XL:     4   Next: 86%
Magic:  4/4        EV:  9    Int:  8    God:
Gold:   43         SH:  0    Dex: 10    Spells: 3/3 levels left

rFire   . . .      SeeInvis .    h - +3 spear (vorpal)
rCold   . . .      Faith    .    c - +0 buckler
rNeg    . . .      Spirit   .    b - +0 scale mail
rPois   .          Reflect  .    (no helmet)
rElec   .          Harm     .    (no cloak)
rCorr   .          Rampage  .    (no gloves)
Will    .....                    (no boots)
Stlth   ..........               (no amulet)
HPRegen 0.26/turn                (no ring)
MPRegen 0.09/turn                (no ring)

@: confused, mighty, flying
A: no striking features
a: no special abilities


You were on level 3 of the Dungeon.
You visited 1 branch of the dungeon, and saw 3 of its levels.

You collected 43 gold pieces.

Inventory:

Hand Weapons
 a - a +1 war axe
 h - a +3 vorpal spear (weapon)
Armour
 b - a +0 scale mail (worn)
 c - a +0 buckler (worn)
Scrolls
 i - a scroll of identify
 j - a scroll of silence
Potions
 d - a potion of might
 k - a potion of heal wounds {unknown}


   Skills:
 + Level 4.5 Fighting
 + Level 3.3(3.6) Axes
 + Level 1.6(2.4) Polearms
 + Level 4.0 Armour
 + Level 0.2 Dodging
 + Level 4.0 Shields


You had 3 spell levels left.
You didn't know any spells.
Your spell library was empty.

Dungeon Overview and Level Annotations

Branches:
Dungeon (3/15)

Altars:

Shops:
D:2 (

Annotations:
D:3 Sigmund


Message History

Something hits you!
* * * LOW HITPOINT WARNING * * *
It was a potion of flight.
You feel very buoyant.
You fly up into the air.
The phantom hits you but does no damage.
Something hits you.
* * * LOW HITPOINT WARNING * * *
You feel very mighty all of a sudden. The phantom barely misses you.
You miss the phantom.
The phantom is severely damaged.
You block the phantom's attack. Something hits you.
* * * LOW HITPOINT WARNING * * *
You closely miss the phantom.
The phantom is severely damaged.
The phantom hits you but does no damage.
Something hits you but does no damage.
You hit the phantom.
You destroy the phantom!
The bat closely misses you. Something hits you.
* * * LOW HITPOINT WARNING * * *
Your base Polearms skill increases to level 1!
Your Armour skill increases to level 4!
Your Shields skill increases to level 4!
You have reached level 4!
The bat hits you but does no damage. You block the bat's attack.
The bat barely misses you. You block the bat's attack.
You hit the bat.
You kill the bat!
You feel your willpower return.
Found a puce potion.
You hear some strange, mumbled words.
You are confused.
You're too confused to move!
You hear some strange, mumbled words.
A puff of flame appears from out of thin air!
The puff of flame hits you.
You die...

#.....#.#......##.#
#.$
#.....#........###
##.
#.....†$........#
.#
#.....###..........
# #...?.#
#....>..### ####.##
#.#.##.##
#.####.#.##.#
#..†{.......#
######@#.###!.
#.#.# #.# #.# #.#
#.# #.# #..


There were no monsters in sight!

Vanquished Creatures
  A phantom (D:3)
  2 adders (D:2)
  A dart slug (D:2)
  3 goblins
  2 jackals (D:2)
  3 ball pythons
  4 bats
  A frilled lizard (D:2)
  A rat (D:2)
18 creatures vanquished.

Notes
Turn   | Place    | Note
-------+----------+-------------------------------------------
     0 | D:1      | McMuffin the Hill Orc Fighter began the quest for the Orb.
     0 | D:1      | Reached XP level 1. HP: 19/19 MP: 1/1
   373 | D:2      | Reached XP level 2. HP: 22/27 MP: 2/2
   430 | D:2      | Found Dunoil's Weapon Shoppe.
   535 | D:2      | Found a faded altar of an unknown god.
   671 | D:2      | Reached XP level 3. HP: 28/33 MP: 3/3
   739 | D:3      | Noticed Sigmund
   739 | D:3      | Noticed a phantom
   767 | D:3      | Killed a phantom
   767 | D:3      | HP: 1/33 [something (4)]
   768 | D:3      | Reached skill level 1 in Polearms
   768 | D:3      | Reached XP level 4. HP: 2/41 MP: 4/4
   776 | D:3      | Killed from afar by Sigmund

Illustrated notes

Levels and vault maps discovered:
D:1:      amcnicky_arrival_double_pillar, layout_basic, minmay_tromino_i4
D:2:      layout_basic, serial_shops, nicolae_shop_bloodbath_and_beyond,
          basic_ecumenical_altar
D:3:      layout_loops_ring, okawaru_ov_weapons_minmay, grunt_ministairs_1,
          dreamdust_princess_corridor, ebering_dispersal_statue_hall,
          uniq_sigmund

Skill      XL: |  1  2  3 |
---------------+----------+-----
Fighting       | 4 |  4.5
Axes           | 3 |  3.3
Polearms       | 1 |  1.6
Armour         | 4 |  4.0
Shields        | 4 |  4.0
Dodging        | |  0.2

Action                   |  1- 3 |  4- 6 || total
-------------------------+-------+-------++-------
Melee: Spear             |    61 |     1 ||    62
       War axe           |     5 |       ||     5
  Use: Scroll            |     6 |       ||     6
       Potion            |     3 |       ||     3
Armor: Scale mail        |    32 |     1 ||    33
Dodge: Dodged            |    35 |     1 ||    36
Block: Buckler           |    17 |     2 ||    19

Table legend: (Time is in decaauts)
 A = Elapsed time spent in this place.
 B = Non-inter-level travel time spent in this place.
 C = Inter-level travel time spent in this place.
 D = Time resting spent in this place.
 E = Time spent auto-exploring this place.
 F = Levels seen in this place.
 G = Mean time per level.
                   A        B        C        D        E       F      G
               +--------+--------+--------+--------+--------+-----+--------+
         Total |    781 |    781 |      0 |      0 |      0 |   3 |  260.3 |
       Dungeon |    781 |    781 |      0 |      0 |      0 |   3 |  260.3 |
               +--------+--------+--------+--------+--------+-----+--------+

Top non-repeatable levels by time:
     D:2: 425 daAuts
     D:1: 299 daAuts
     D:3: 56 daAuts
